 Dungeon Crawl Stone Soup version 0.21.2 (webtiles) character file.

1115 asishallab the Cleaver (level 8, -1/67 HPs)
             Began as a Minotaur Fighter on Oct 8, 2018.
             Slain by Pikel
             ... wielding a +2 whip of electrocution
              (6 damage)
             ... on level 5 of the Dungeon.
             The game lasted 00:10:39 (4337 turns).

asishallab the Cleaver (Minotaur Fighter)           Turns: 4337, Time: 00:10:42

Health: -1/67      AC: 17    Str: 26    XL:     8   Next: 12%
Magic:  7/7        EV:  3    Int:  5    God:
Gold:   307        SH: 16    Dex: 12    Spells: 7/7 levels left

rFire    x . .     SeeInvis .   a - +0 war axe
rCold    + . .     Gourm    .   r - +0 large shield
rNeg     . . .     Faith    .   D - +0 plate armour
rPois    .         Spirit   .   (helmet restricted)
rElec    .         Reflect  .   v - +2 cloak {+Inv}
rCorr    .         Harm     +   m - +1 pair of gloves
MR       .....                  (no boots)
Stlth    ..........             l - amulet of harm
HPRegen  0.21/turn              q - ring of ice
MPRegen  0.10/turn              (no ring)

@: mighty
A: retaliatory headbutt, horns 2
a: Evoke Invisibility


You were on level 5 of the Dungeon.
You were not hungry.

You visited 1 branch of the dungeon, and saw 6 of its levels.

You collected 307 gold pieces.

Inventory:

Hand Weapons
 a - a +0 war axe (weapon)
 p - a +0 hunting sling
 u - a +4 quarterstaff of chaos
Missiles
 e - 303 stones
 A - 3 tomahawks (quivered)
Armour
 m - a +1 pair of gloves (worn)
 r - a +0 large shield (worn)
 v - a +2 cloak of invisibility (worn)
 D - a +0 plate armour (worn)
Jewellery
 l - an amulet of harm (around neck)
 q - a ring of ice (left hand)
Scrolls
 b - a scroll of random uselessness {unknown}
 c - 2 scrolls of remove curse
 k - 3 scrolls of teleportation
 n - 3 scrolls of immolation
 w - 4 scrolls of identify
 y - 2 scrolls of magic mapping {unknown}
 B - a scroll of blinking {unknown}
Potions
 g - a potion of flight {unknown}
 h - 4 potions of curing {unknown}
 i - a potion of lignification {unknown}
 j - a potion of heal wounds {unknown}
 o - a potion of mutation {unknown}
 s - a potion of haste {unknown}
 t - a potion of ambrosia {unknown}
 z - a potion of cancellation {unknown}
 C - 2 potions of degeneration {unknown}
Comestibles
 f - 13 rations


   Skills:
 - Level 4.6 Fighting
 + Level 9.9 Axes
 - Level 4.6 Armour
 - Level 1.2 Dodging
 - Level 0.1 Stealth
 - Level 5.5 Shields


You had 7 spell levels left.
You didn't know any spells.

Dungeon Overview and Level Annotations

Branches:
Dungeon (6/15)
 Temple: D:4-7

Altars:
Cheibriados
Elyvilon
Gozag
Kikubaaqudgha
Sif Muna
Trog
Uskayaw
Wu Jian
Xom

Annotations:
D:5 Pikel


Innate Abilities, Weirdness & Mutations

You reflexively headbutt those who attack you in melee.
You have a pair of horns on your head.


Message History

Pikel is heavily wounded.
You block Pikel's attack.
You slash Pikel! Your headbutt misses Pikel.
Pikel is almost dead.
Pikel hits you but does no damage.
Your shield and plate armour prevent you from hitting Pikel.
Pikel is almost dead.
You closely miss the slave. You block Pikel's attack.
You block the slave's attack.
You closely miss Pikel.
Pikel is almost dead.
You closely miss the slave. You block Pikel's attack.
The slave barely misses you. You furiously retaliate!
You headbutt the slave! You hit Pikel.
Pikel is almost dead.
You slash the slave!
You kill the slave!
That felt strangely unrewarding.
Pikel hits you with a whip of electrocution.
You die...

.....#.#.#.#.....#####..# #.#####
##.####...##............###......
#.# ##.#####.##...........#####
#.# #.# #.##.####.####.# #.# #.#
#.##.# #.####.## ##.# #.# #.##.##
#>......## .#.# #.#
##.#.#.########...## .#.#####.#
##..K###.## #....## .#.......#
#.#.#@###.# #.#...# ##########
##.#[###..######.#...# #
##.#.#..........#...# #
####....######.#...#
#################.#..# #.#...#
.........)........#..# #.#...#
###################..######.#...#
#.......#.#...# #.#####.#.#...#


You could see Pikel.

Vanquished Creatures
  The ghost of TheNamelessOne the Insei, an amateur OpTm (D:3)
  3 slaves
  2 ogres (D:4)
  2 scorpions (D:5)
  2 howler monkeys
  2 crimson imps (D:5)
  2 bullfrog zombies (D:5)
  A hound (D:5)
  Crazy Yiuf (D:2)
  An iguana (D:5)
  Natasha (thrice) (D:2)
  An orc wizard (D:4)
  2 worker ants
  A killer bee zombie (D:5)
  A hound skeleton (D:4)
  A worker ant zombie (D:5)
  4 gnolls (D:2)
  10 adders
  2 oozes (D:5)
  2 adder skeletons (D:5)
  2 worms
  2 leopard geckos
  8 orcs (D:4)
  5 giant cockroaches
  6 hobgoblins
  10 jackals
  10 kobolds
  3 quokkas
  9 ball pythons
  4 bats
  8 goblins
  A quokka skeleton (D:4)
  6 rats
118 creatures vanquished.

Notes
Turn   | Place    | Note
-------+----------+-------------------------------------------
     0 | D:1      | asishallab the Minotaur Fighter began the quest for the Orb.
     0 | D:1      | Reached XP level 1. HP: 19/19 MP: 0/0
   223 | D:1      | Reached XP level 2. HP: 24/27 MP: 1/1
   948 | D:2      | Found a runed door.
   952 | D:2      | Noticed Crazy Yiuf
   958 | D:2      | Killed Crazy Yiuf
   958 | D:2      | Reached skill level 3 in Axes
   958 | D:2      | Reached XP level 3. HP: 33/33 MP: 2/2
  1118 | D:2      | Reached XP level 4. HP: 40/40 MP: 3/3
  1169 | D:2      | Noticed Natasha
  1171 | D:2      | Found a white marble altar of Elyvilon.
  1176 | D:2      | Killed Natasha
  1359 | D:2      | Reached skill level 4 in Axes
  1364 | D:2      | Reached XP level 5. HP: 46/46 MP: 4/4
  1382 | D:2      | Noticed Natasha
  1402 | D:2      | Killed Natasha
  1575 | D:2      | Noticed Natasha
  1582 | D:2      | Killed Natasha
  1582 | D:2      | Reached skill level 5 in Shields
  1761 | D:3      | Found a hide-covered altar of Uskayaw.
  1910 | D:3      | Found a bloodstained altar of Trog.
  1956 | D:3      | Noticed TheNamelessOne's ghost (amateur OpTm)
  1975 | D:3      | Killed TheNamelessOne's ghost
  1975 | D:3      | Reached skill level 5 in Axes
  1975 | D:3      | Reached skill level 1 in Dodging
  1975 | D:3      | Reached XP level 6. HP: 32/53 MP: 5/5
  2658 | D:4      | Reached skill level 6 in Axes
  2665 | D:4      | Reached XP level 7. HP: 36/60 MP: 6/6
  2753 | D:4      | Reached skill level 7 in Axes
  2975 | D:4      | Found an opulent altar of Gozag.
  2978 | D:4      | Found an ancient bone altar of Kikubaaqudgha.
  2981 | D:4      | Found a snail-covered altar of Cheibriados.
  3028 | D:4      | Found an ornate altar of the Wu Jian Council.
  3028 | D:4      | Found a shimmering altar of Xom.
  3525 | D:5      | Entered Level 5 of the Dungeon
  3592 | D:5      | Reached skill level 8 in Axes
  3705 | D:5      | Reached skill level 9 in Axes
  3830 | D:5      | Reached XP level 8. HP: 67/67 MP: 7/7
  4220 | D:5      | Found a deep blue altar of Sif Muna.
  4311 | D:6      | Noticed Pikel
  4314 | D:6      | Noticed a two-headed ogre
  4337 | D:5      | Slain by Pikel

Skill      XL: |  1  2  3  4  5  6  7 |
---------------+----------------------+-----
Armour         | 4 |  4.6
Fighting       | 4 |  4.6
Shields        | 4 5 |  5.5
Axes           | 3 4 5 6 9 |  9.9
Dodging        | 1 |  1.2
Stealth        | |  0.1

Action                   |  1- 3 |  4- 6 |  7- 9 || total
-------------------------+-------+-------+-------++-------
Melee: War axe           |    64 |   114 |   182 ||   360
       Headbutt          |     6 |    24 |    33 ||    63
Throw: Stone             |       |     4 |     5 ||     9
       Tomahawk          |       |       |     3 ||     3
 Abil: Evoke Invisibilit |       |       |     1 ||     1
  Use: Scroll            |     4 |     1 |       ||     5
       Potion            |       |       |     1 ||     1
 Stab: Invisible         |       |       |     1 ||     1
  Eat: Chunk             |     1 |     5 |     6 ||    12
Armor: Scale mail        |    34 |    60 |    21 ||   115
       Plate armour      |       |       |    79 ||    79
Dodge: Dodged            |     7 |    20 |    10 ||    37
Block: Large shield      |    52 |   102 |   142 ||   296
       Shield            |     3 |       |       ||     3
